 Dungeon Crawl Stone Soup version 0.21.0 (webtiles) character file.

2 tidbits the Sneak (level 1, 0/7 HPs)
             Began as a Felid Earth Elementalist on Jan 6, 2018.
             Slain by a worker ant (6 damage)
             ... on level 6 of the Dungeon.
             The game lasted 00:00:44 (55 turns).

tidbits the Sneak (Felid Earth Elementalist)          Turns: 55, Time: 00:00:45

Health: 0/7        AC:  1    Str:  4    XL:     1   Next: 33%
Magic:  4/4        EV: 18    Int: 16    God:
Gold:   0          SH:  0    Dex: 16    Spells: 3/4 levels left
                                        Lives:  0   Deaths: 0

rFire    . . .     SeeInvis +   (weapon unavailable)
rCold    . . .     Gourm    .   (shield unavailable)
rNeg     . . .     Faith    .   (armour unavailable)
rPois    .         Spirit   .   (helmet unavailable)
rElec    .         Reflect  .   (cloak unavailable)
rCorr    .         Harm     .   (gloves unavailable)
MR       .....                  (boots unavailable)
Stlth    ++........             (no amulet)
HPRegen  0.02/turn              (no ring)
MPRegen  0.09/turn              (no ring)

@: flying, quick
A: very small, no armour, no weapons or thrown items, stealth, claws 1, fangs 3,
see invisible, carnivore, speed 1, shaggy fur 1, slow metabolism 1, sharp paws
a: no special abilities


You were on level 6 of the Dungeon.
You were not hungry.

You visited 1 branch of the dungeon, and saw 4 of its levels.

Inventory:

Missiles
 b - 30 stones
Books
 d - a book of Geomancy

   Spells                             Type                      Level
   a - Sandblast                      Earth                        1
   b - Passwall                       Transmutation/Earth          2
   c - Stone Arrow                    Conjuration/Earth            3
   d - Petrify                        Transmutation/Earth          4
   e - Lee's Rapid Deconstruction     Earth                        5
Comestibles
 c - 2 rations


   Skills:
 - Level 2.6 Dodging
 + Level 2.9 Stealth
 + Level 0.4 Unarmed Combat
 - Level 2.0 Spellcasting
   Level 1.1 Transmutations
 - Level 2.6 Earth Magic


You had 3 spell levels left.
You knew the following spells:

 Your Spells              Type           Power        Failure   Level  Hunger
a - Sandblast             Erth           ##....       7%          1    #......


Dungeon Overview and Level Annotations

Branches:
Dungeon (3/15)

Altars:

Annotations:
D:6 ThereIsNoGod's ghost, amateur TrFi


Innate Abilities, Weirdness & Mutations

You cannot wear armour.
You are incapable of wielding weapons or throwing items.
Your paws allow you to move quietly. (Stealth)
You have sharp claws.
You have razor-sharp teeth.
You have supernaturally acute eyesight. (SInv)
You are carnivorous and can eat meat at any time.
You cover ground quickly.
You are covered in fur. (AC +1)
You have a slow metabolism.
Your sharp claws are effective at attacking unaware monsters.


Message History

Welcome, tidbits the Felid Earth Elementalist.
It is said that the Orb of Zot exists deep within this dungeon.
Press ? for a list of commands and other information.
Found a bubbling white potion.
Found a staircase leading out of the dungeon.
a - a bubbling white potion You swing at nothing.
Unknown command.
Adjust (i)tems, (s)pells, or (a)bilities?
Adjust which spell? z - Sandblast Adjust to which letter? a - Sandblast
Found an escape hatch in the floor.
There is an escape hatch in the floor here.
You slide downwards.
The hatch slams shut behind you.
A bat comes into view.
Unknown command.
The helpless bat fails to defend itself.
You scratch the bat.
You kill the bat!
Found 9 poisoned needles.
Found a stone staircase leading down.
Found a hunting sling.
There is a stone staircase leading down here.
You climb downwards.
An adder and a quokka come into view.
The adder hisses angrily.
Found a hand axe.
There is a stone staircase leading up here.
There is a shaft here.
You fall through a shaft for 3 floors!
The shaft crumbles and collapses.
A giant cockroach comes into view.
Found a ration.
Found two stone staircases leading down.
The helpless giant cockroach fails to defend itself.
You scratch the giant cockroach.
You kill the giant cockroach!
Something unseen opens the door.
ThereIsNoGod's ghost (amateur Troll Fighter) comes into view.
You see here a ration.
c - 2 rations (gained 1)
Okay, then.
ThereIsNoGod's ghost turns its malevolent gaze towards you.
As you open the door, it creaks loudly!
A jackal skeleton comes into view.
Found 8 curare-tipped needles and a spear.
A worker ant comes into view.
The jackal skeleton closely misses you.
Found 7 gold pieces.
There is an open door here.
The jackal skeleton misses you.
You close the door.
The jackal skeleton barely misses you.
It was a potion of flight.
You feel very buoyant.
You fly up into the air.
The jackal skeleton bites you. The worker ant closely misses you.
The worker ant bites you.
Ouch! That really hurt!
You die...

#........'..
#........# #...W....#
#........#
#####+###........#
##$.)...##........#
#..(.....+........#
#......aZ#..........
#......@##...##...##.
##......##+########
.. #......# .
#.......$ #........
#......... #.........
##...##.###


You could see a worker ant and a jackal skeleton.

Vanquished Creatures
  A bat (D:2)
  A giant cockroach (D:6)
2 creatures vanquished.

Notes
Turn   | Place    | Note
-------+----------+-------------------------------------------
     0 | D:1      | tidbits the Felid Earth Elementalist began the quest for the Orb.
     0 | D:1      | Reached XP level 1. HP: 7/7 MP: 4/4
    37 | D:3      | You fall through a shaft for 3 floors!
    45 | D:6      | Noticed ThereIsNoGod's ghost (amateur TrFi)
    51 | D:6      | Noticed a worker ant
    55 | D:6      | Slain by a worker ant

Action                   || total
-------------------------++-------
Melee: Unarmed           ||     2
  Use: Potion            ||     1
 Stab: Sleeping          ||     2
Dodge: Dodged            ||     4

Table legend:
 A = Turns spent in this place as a percentage of turns spent in the entire game.
 B = Non-inter-level travel turns spent in this place as a percentage of non-inter-level travel turns spent in the entire game.
 C = Inter-level travel turns spent in this place as a percentage of turns spent in this place.
 D = Turns resting spent in this place as a percentage of non-inter-level travel turns spent in this place.
 E = Turns spent auto-exploring this place as a percentage of non-inter-level travel turns spent in this place.
 F = Non-inter-level travel turns spent in this place divided by the number of levels of this place that you've seen.
                   A       B       C       D       E      F
               +-------+-------+-------+-------+-------+----------------------
         Total | 100.0 | 100.0 |   0.0 |   0.0 |   0.0 |  13.8
       Dungeon | 100.0 | 100.0 |   0.0 |   0.0 |   0.0 |  13.8
               +-------+-------+-------+-------+-------+----------------------

Table legend:
 A = Kills in this place as a percentage of kills in entire the game.
 B = Kills by you in this place as a percentage of kills by you in the entire game.
 C = Kills by friends in this place as a percentage of kills by friends in the entire game.
 D = Other kills in this place as a percentage of other kills in the entire game.
 E = Experience gained in this place as a percentage of experience gained in the entire game.
 F = Experience gained in this place divided by the number of levels of this place that you have seen.
                   A       B       C       D       E      F
               +-------+-------+-------+-------+-------+----------------------
         Total | 100.0 | 100.0 |   N/A |   N/A | 100.0 |   1.0
       Dungeon | 100.0 | 100.0 |   N/A |   N/A | 100.0 |   1.0
               +-------+-------+-------+-------+-------+----------------------

Vault maps used:
D:1:      lemuel_arrival_hallway
D:2:      first_ration, minmay_crystal_water, grunt_ministairs_3
D:3:      nicolae_ru_sacrificial_ziggurat, uniq_natasha
D:6:      kennysheep_little_box, trog_book
